 Dungeon Crawl Stone Soup version 0.19-a0-1457-g32fba05 (webtiles) character file.

98 qqqbard the Poker (level 4, -3/34 HPs)
             Began as a Merfolk Gladiator on Sept 6, 2016.
             Slain by Natasha (5 damage)
             ... on level 3 of the Dungeon.
             The game lasted 00:02:55 (1330 turns).

qqqbard the Poker (Merfolk Gladiator)               Turns: 1330, Time: 00:02:55

Health: -3/34      AC:  8    Str: 16    XL:     4   Next: 71%
Magic:  4/4        EV: 14    Int:  7    God:
Gold:   43         SH:  0    Dex: 14    Spells: 0 memorised, 3 levels left

rFire  . . .     SeeInvis .     a - +0 trident
rCold  . . .     Gourm    .     b - +0 leather armour
rNeg   . . .     Faith    .     (no shield)
rPois  .         Spirit   .     c - +0 helmet
rElec  .         Dismiss  .     p - +2 cloak
rCorr  .         Reflect  .     (no gloves)
MR     .....     Harm     .     l - +0 pair of boots
Stlth  +.........               (no amulet)
                                (no ring)
                                (no ring)

@: slowed, very slow
A: change form in water, swift swim, stealthy swim
a: no special abilities


You were on level 3 of the Dungeon.
You were hungry.

You visited 1 branch of the dungeon, and saw 3 of its levels.

You collected 43 gold pieces.

Inventory:

Hand Weapons
 a - a +0 trident (weapon)
Missiles
 d - 3 throwing nets (quivered)
Armour
 b - a +0 leather armour (worn)
 c - a +0 helmet (worn)
 l - a +0 pair of boots (worn)
 p - a +2 cloak (worn)
Jewellery
 s - an uncursed amulet of the gourmand {unknown}
Wands
 w - a wand of flame (20/48)
Scrolls
 e - a scroll of blinking {unknown}
 h - 2 scrolls of identify {unknown}
 n - 2 scrolls of random uselessness {unknown}
 t - a scroll of amnesia {unknown}
 u - a scroll of fear {unknown}
 v - a scroll of remove curse {unknown}
Potions
 g - 2 potions of heal wounds {unknown}
 j - a potion of cancellation {unknown}
 k - a potion of degeneration {unknown}
 m - a potion of curing {unknown}
 o - 2 potions of invisibility {unknown}
Comestibles
 f - 3 bread rations
 i - a meat ration
 q - a beef jerky
 r - 2 chunks of flesh


   Skills:
 + Level 2.9 Fighting
 * Level 6.6 Polearms
 - Level 2.0 Throwing
 + Level 4.7 Dodging


You had 3 spell levels left.
You didn't know any spells.

Dungeon Overview and Level Annotations

Branches:
Dungeon (3/15)

Altars:
Hepliaklqana

Annotations:
D:3 Natasha


Message History

The puff of frost hits you!
Natasha stares at you and mumbles some strange words.
The magic dart hits you! The bat barely misses you. The white imp hits you.
The white imp freezes you.
* * * LOW HITPOINT WARNING * * *
The bat closely misses you.
Natasha howls an incantation.
Natasha glows brightly for a moment.
Natasha stares at you and mumbles some strange words.
The magic dart hits you!
* * * LOW HITPOINT WARNING * * *
The bat hits you but does no damage.
You closely miss Natasha.
Natasha is heavily wounded.
The bat closely misses you. Natasha claws you.
* * * LOW HITPOINT WARNING * * *
You hit Natasha.
Natasha is almost dead.
The bat barely misses you. Natasha claws you.
You die...

....# .....# .....# ....#
### ....# . . ....##.#.#
.#. .......#.# ...
......†#@##### #.#
#.h.b...# #.#
#......###.# #.# ######
.....#.......# #.# #...>.
...#.........###.###.####
.....#...............[...
. ...........####.##.####
...........# #.##.....
###.#.####### #..######


You could see Natasha and a bat.

Vanquished Creatures
  A howler monkey (D:3)
  An adder (D:2)
  2 worms
  A dart slug (D:2)
  2 giant geckos (D:1)
  5 giant cockroaches
  3 goblins (D:1)
  7 hobgoblins
  A quokka (D:2)
  7 bats
  A giant newt (D:1)
  8 kobolds
  7 rats
46 creatures vanquished.

Notes
Turn   | Place    | Note
-------+----------+-------------------------------------------
     0 | D:1      | qqqbard the Merfolk Gladiator began the quest for the Orb.
     0 | D:1      | Reached XP level 1. HP: 16/16 MP: 1/1
    78 | D:1      | Reached XP level 2. HP: 4/23 MP: 2/2
    81 | D:1      | Reached skill level 5 in Polearms
   600 | D:1      | Reached XP level 3. HP: 28/28 MP: 3/3
   794 | D:2      | Found a hazy altar of Hepliaklqana.
  1114 | D:2      | Reached skill level 6 in Polearms
  1203 | D:2      | Reached XP level 4. HP: 30/34 MP: 4/4
  1314 | D:3      | Noticed Natasha
  1329 | D:3      | HP: 1/34 [Natasha (5)]
  1330 | D:3      | Slain by Natasha

Vault maps used:
D:1:      onia_arrival_pyramid
D:2:      lemuel_doored_altar
D:3:      first_bread, roderic_batcave, tgw_sif, uniq_natasha

Skill      XL: |  1  2  3 |
---------------+----------+-----
Polearms       | 5 6 |  6.6
Fighting       | |  2.9
Throwing       | |  2.0
Dodging        | |  4.7

Action                   |  1- 3 |  4- 6 || total
-------------------------+-------+-------++-------
Melee: Trident           |   133 |    23 ||   156
  Eat: Chunk             |     1 |       ||     1
Armor: Leather armour    |    34 |     8 ||    42
Dodge: Dodged            |    76 |    21 ||    97
